 Dungeon Crawl Stone Soup version 0.27-a0-553-ge0ab5a2769 (webtiles) character file.

Game seed: 2854765887175258552

1 Gaff the Stinger (level 1, 0/13 HPs)
             Began as a Demonspawn Venom Mage on Mar 8, 2021.
             Slain by a kobold (3 damage)
             ... on level 1 of the Dungeon.
             The game lasted 00:00:21 (70 turns).

Gaff the Stinger (Demonspawn Venom Mage)              Turns: 70, Time: 00:00:21

Health: 0/13       AC:  2    Str:  8    XL:     1   Next: 16%
Magic:  1/3        EV: 12    Int: 16    God:
Gold:   0          SH:  0    Dex: 13    Spells: 3/4 levels left

rFire    . . .     SeeInvis .   c - +0 short sword
rCold    . . .     Faith    .   (no shield)
rNeg     . . .     Spirit   .   a - +0 robe
rPois    .         Reflect  .   (no helmet)
rElec    .         Harm     .   (no cloak)
rCorr    .         Rampage  .   (no gloves)
Will     .....                  (no boots)
Stlth    ++........             (no amulet)
HPRegen  0.04/turn              (no ring)
MPRegen  0.08/turn              (no ring)

@: very slightly contaminated
A: no striking features
a: no special abilities


You were on level 1 of the Dungeon.
You visited 1 branch of the dungeon, and saw 1 of its levels.

Inventory:

Hand Weapons
 c - a +0 short sword (weapon)
Armour
 a - a +0 robe (worn)
Potions
 b - a potion of degeneration {unknown}


   Skills:
 + Level 1.7 Dodging
 + Level 1.7 Stealth
 + Level 2.0 Spellcasting
 - Level 0.8 Transmutations
 + Level 3.0 Poison Magic


You had 3 spell levels left.
You knew the following spells:

 Your Spells              Type           Power      Damage    Failure   Level
a - Sting                 Tmut/Pois      28%        1d4       10%         1

Your spell library contained the following spells:

 Spells                   Type           Power      Damage    Failure   Level
 Poisonous Vapours        Pois/Air       12%        N/A       17%         2
 Ignite Poison            Fire/Tmut/Pois 5%         N/A       36%         3
 Mephitic Cloud           Conj/Pois/Air  4%         N/A       38%         3
 Olgreb's Toxic Radiance  Pois           11%        N/A       50%         4


Dungeon Overview and Level Annotations

Branches:
Dungeon (1/15)

Altars:


Message History

b - a dark potion You see here a +0 leather armour.
A kobold comes into view. It is wielding a +0 short sword.
A kobold is nearby!
The kobold shouts!
Aiming: Sting (safe; 10% risk of failure)
Press: ? - help, Q - select action Shift-Dir - straight line, f - kobold
Aim: a kobold, wielding a +0 short sword (40% to evade)
The sting hits the kobold.
The kobold is poisoned.
You kill the kobold!
A kobold comes into view.
The kobold shouts!
You hear a shout!
A goblin comes into view.
The goblin shouts!
Aiming: Sting (safe; 10% risk of failure)
Press: ? - help, Q - select action Shift-Dir - straight line, f - kobold
Aim: a kobold (40% to evade)
You miscast Sting.
You are very lightly contaminated with residual magic.
Nothing appears to happen.
Aiming: Sting (safe; 10% risk of failure)
Press: ? - help, Q - select action Shift-Dir - straight line, f/p - kobold
Aim: a kobold (40% to evade)
You miscast Sting.
Nothing appears to happen.
The kobold misses you.
Things that are here:
a +0 short sword; a kobold corpse
c - a +0 short sword The kobold barely misses you.
The kobold hits you. The goblin misses you.
c - a +0 short sword (weapon)
The goblin hits you.
You closely miss the goblin. The goblin hits you.
You hit the goblin.
You kill the goblin!
You hit the kobold but do no damage. The kobold hits you.
* * * LOW HITPOINT WARNING * * *
You completely miss the kobold. The kobold hits you.
You die...

#♣♣♣.♣♣ + ♣.....♣
# ♣....♣♣♣ #
♣......♣ #
#♣......♣♣♣ #
###.........♣♣♣ #
##
#.............♣♣#
..
##.######.♣♣......
#. #@.# ######....
####.##K## ###♣♣
##.......### ♣
...........#...
.......†........
...........#.###
.......#...# #
#..........#
...........#


You could see a kobold.

Vanquished Creatures
  A goblin (D:1)
  A kobold (D:1)
2 creatures vanquished.

Notes
Turn   | Place    | Note
-------+----------+-------------------------------------------
     0 | D:1      | Gaff the Demonspawn Venom Mage began the quest for the Orb.
     0 | D:1      | Reached XP level 1. HP: 13/13 MP: 3/3
    70 | D:1      | Slain by a kobold

Illustrated notes

Levels and vault maps discovered:
D:1:      sevenhm_arrival_forest_fort_large_2, layout_basic

Action                   || total
-------------------------++-------
Melee: Short sword       ||     4
 Cast: Sting             ||     1
Dodge: Dodged            ||     3

Table legend: (Time is in decaauts)
 A = Elapsed time spent in this place.
 B = Non-inter-level travel time spent in this place.
 C = Inter-level travel time spent in this place.
 D = Time resting spent in this place.
 E = Time spent auto-exploring this place.
 F = Levels seen in this place.
 G = Mean time per level.
                   A        B        C        D        E       F      G
               +--------+--------+--------+--------+--------+-----+--------+
         Total |     69 |     69 |      0 |      0 |     50 |   1 |   69.0 |
       Dungeon |     69 |     69 |      0 |      0 |     50 |   1 |   69.0 |
               +--------+--------+--------+--------+--------+-----+--------+

Top non-repeatable levels by time:
     D:1: 69 daAuts
